AoeStats
← AlexTAN

Black Forest

510341687Analyzed
4v4 RM · 2d ago on Sep 30, 2026· 73m 33s· 8 players
Game mode
Random Map
Map size
Large (8 player)
Population
200
Speed
Normal
Resources
Standard
Victory
Conquest
Starting age
Dark Age
Ending age
Imperial Age
RankedLock teamsTeams togetherTeam positionsShared explorationLock speedFull tech treeHidden civsTurbo modeCheats
Victory
Defeat
🇪🇸 Celts · Spain
893
+17
🇨🇴 Mongols · Colombia
889
+17
🇷🇺 Spanish · Russia
853
+19
🇮🇳 Franks · India
849
+18
🇨🇳 Varangians · China
919
-18
🇨🇳 Burgundians · China
917
-18
🇨🇳 Poles · China
916
-18
🇮🇳 Hindustanis · India
900
-17
shamannking1993
5:24 Loom
6:07 Loom
16:15 Feudal Age
17:48 Wheelbarrow
17:13 Double-Bit Axe
17:12 Horse Collar
17:29 Gold Mining
17:31 Stone Mining
17:28 Arson
17:30 Man-at-Arms
23:12 Fletching
23:23 Padded Archer Armor
23:36 Forging
23:26 Scale Mail Armor
23:32 Scale Barding Armor
28:09 Castle Age
29:06 Bow Saw
29:13 Hand Cart
29:13 Caravan
29:17 Heavy Plow
29:37 Town Watch
34:28 Imperial Age
33:24 Inquisition
37:57 Chemistry
37:42 Conscription
38:01 Onager
39:38 Elite Conquistador
41:52 Iron Casting
41:37 Chain Barding Armor
41:33 Chain Mail Armor
41:33 Leather Archer Armor
41:14 Bodkin Arrow
40:59 Pikeman
41:39 Squires
42:50 Ballistics
43:05 Halberdier
43:32 Gambesons
50:17 Long Swordsman
50:43 Cavalier
51:24 Husbandry
51:35 Bloodlines
50:45 Light Cavalry
51:24 Two-Handed Swordsman
52:55 Champion
57:43 Paladin
59:29 Blast Furnace
66:13 Coinage
65:56 Guilds
67:57 Plate Mail Armor
68:03 Plate Barding Armor
67:59 Ring Archer Armor
67:29 Bracer
69:31 Banking
70:59 Bombard Tower
Jordione
13:28 Feudal Age
14:11 Horse Collar
14:25 Gold Mining
14:25 Stone Mining
14:22 Double-Bit Axe
17:49 Wheelbarrow
20:19 Castle Age
19:34 Scale Mail Armor
19:41 Scale Barding Armor
19:38 Padded Archer Armor
21:53 Hand Cart
22:14 Bow Saw
22:10 Heavy Plow
23:18 Chain Barding Armor
29:30 Gold Shaft Mining
29:30 Stone Shaft Mining
32:36 Imperial Age
30:49 Leather Archer Armor
30:01 Elite Skirmisher
31:52 Fletching
33:47 Caravan
36:00 Chemistry
35:22 Ballistics
35:38 Conscription
36:00 Heavy Mounted Crossbowman
36:50 Bodkin Arrow
37:26 Ring Archer Armor
37:35 Pikeman
38:39 Guilds
39:27 Halberdier
41:58 Furor Celtica
59:28 Arson
61:41 Forging
61:46 Chain Mail Armor
66:32 Iron Casting
66:27 Plate Mail Armor
66:26 Light Cavalry
67:41 Hussar
69:18 Hoardings
70:25 Blast Furnace
69:31 Husbandry
AlexTAN
0:28 Loom
14:01 Feudal Age
14:55 Double-Bit Axe
15:20 Horse Collar
17:43 Castle Age
20:06 Wheelbarrow
20:11 Bow Saw
22:27 Hand Cart
23:23 Heavy Plow
24:18 Gold Mining
24:19 Stone Mining
28:16 Gold Shaft Mining
28:16 Stone Shaft Mining
30:03 Caravan
30:38 Coinage
32:57 Imperial Age
32:36 Nomads
33:03 Elite Mangudai
34:06 Drill
34:07 Conscription
33:53 Scale Mail Armor
33:59 Scale Barding Armor
33:45 Fletching
33:55 Padded Archer Armor
34:19 Ballistics
35:00 Chemistry
34:09 Siege Engineers
33:30 Capped Ram
34:31 Siege Ram
34:33 Onager
35:24 Light Cavalry
36:14 Bloodlines
36:04 Husbandry
36:22 Chain Mail Armor
37:06 Bodkin Arrow
37:27 Leather Archer Armor
37:39 Leather Archer Armor
37:20 Hussar
38:38 Plate Mail Armor
38:56 Bracer
39:18 Chain Barding Armor
40:41 Siege Onager
54:37 Heavy Camel Rider
Axleaddict
14:35 Feudal Age
14:48 Loom
19:43 Castle Age
18:58 Double-Bit Axe
19:11 Stone Mining
19:11 Gold Mining
20:47 Town Watch
30:17 Wheelbarrow
30:43 Caravan
32:02 Gold Shaft Mining
32:31 Hand Cart
35:50 Imperial Age
33:54 Ordonnance Companies
35:41 Coinage
35:55 Elite Throwing Axeman
36:37 Chivalry
36:44 Scale Mail Armor
36:54 Forging
38:12 Chemistry
38:32 Conscription
38:10 Cavalier
38:50 Husbandry
39:01 Scale Barding Armor
39:11 Chain Mail Armor
39:33 Iron Casting
39:30 Paladin
40:32 Town Patrol
40:52 Bow Saw
41:07 Chain Barding Armor
53:19 Plate Barding Armor
53:44 Blast Furnace
53:15 Plate Mail Armor
65:57 Light Cavalry
70:24 Fletching
John Farrell
4:43 Double-Bit Axe
7:10 Horse Collar
11:52 Feudal Age
11:36 Gold Mining
12:46 Bow Saw
15:03 Heavy Plow
18:55 Stone Mining
21:56 Castle Age
22:47 Gold Shaft Mining
22:51 Stone Shaft Mining
24:34 Husbandry
24:42 Loom
27:17 Wheelbarrow
26:52 Cavalier
27:37 Town Watch
28:22 Hand Cart
28:28 Scale Barding Armor
32:00 Imperial Age
29:31 Town Patrol
29:54 Chain Barding Armor
29:45 Forging
31:17 Crop Rotation
31:11 Burgundian Vineyards
34:04 Two-Man Saw
32:29 Paladin
35:33 Chemistry
34:54 Ballistics
36:13 Plate Barding Armor
36:05 Caravan
36:57 Iron Casting
37:02 Conscription
38:44 Light Cavalry
39:52 Hussar
41:35 Blast Furnace
iamlegolas312
0:28 Loom
15:14 Feudal Age
15:52 Horse Collar
16:04 Gold Mining
16:01 Double-Bit Axe
18:01 Stone Mining
24:44 Castle Age
24:19 Fletching
24:29 Padded Archer Armor
25:11 Bloodlines
24:48 Elite Skirmisher
26:02 Bodkin Arrow
26:28 Bow Saw
26:11 Town Watch
27:36 Leather Archer Armor
29:10 Forging
29:25 Ballistics
29:04 Murder Holes
29:32 Heavy Plow
31:29 Caravan
33:28 Wheelbarrow
37:33 Imperial Age
35:51 Gold Shaft Mining
37:24 Iron Casting
38:18 Wheelbarrow
37:38 Heavy Camel Rider
39:06 Thumb Ring
40:42 Blast Furnace
40:39 Hand Cart
40:50 Grand Trunk Road
43:08 Chemistry
43:48 Scale Barding Armor
45:26 Conscription
46:48 Chain Barding Armor
48:48 Plate Barding Armor
49:25 Bracer
49:55 Ring Archer Armor
53:05 Crossbowman
60:41 Pikeman
61:22 Squires
Quel Serrar
12:48 Feudal Age
13:19 Stone Mining
13:15 Double-Bit Axe
13:12 Horse Collar
19:20 Gold Mining
23:16 Castle Age
24:11 Heavy Plow
24:49 Stone Shaft Mining
24:25 Bow Saw
32:36 Imperial Age
32:09 Light Cavalry
32:59 Bloodlines
32:50 Husbandry
33:06 Forging
33:01 Scale Barding Armor
34:02 Crop Rotation
34:01 Lechitic Legacy
33:47 Szlachta Privileges
34:06 Conscription
34:11 Lechitic Legacy
34:29 Winged Hussar
36:39 Wheelbarrow
36:41 Iron Casting
36:27 Chain Barding Armor
47:15 Hand Cart
51:18 Blast Furnace
Khrushchev
14:38 Feudal Age
20:13 Castle Age
18:16 Double-Bit Axe
18:28 Stone Mining
18:25 Horse Collar
20:05 Bloodlines
20:35 Gold Mining
22:27 Bow Saw
23:21 Heavy Plow
31:59 Imperial Age
30:07 Wheelbarrow
31:09 Hand Cart
31:04 Treadmill Crane
31:44 Ballistics
31:40 Fortified Wall
31:36 Husbandry
31:56 Loom
33:15 Conscription
32:18 Vendel Legacy
34:03 Scale Barding Armor
35:02 Chemistry
34:59 Siege Engineers
35:55 Cavalier
37:19 Chain Barding Armor
37:10 Forging
36:34 Elite Jarl
38:50 Squires
38:36 Arson
39:07 Caravan
39:01 Onager
40:32 Iron Casting
43:06 Plate Barding Armor
43:31 Blast Furnace
45:20 Scale Mail Armor
44:42 Elite Varangian Guard
44:45 Gothikon
47:57 Chain Mail Armor
49:12 Plate Mail Armor
55:31 Fletching
55:41 Padded Archer Armor
56:08 Elite Skirmisher
57:07 Pikeman
58:14 Halberdier
59:48 Leather Archer Armor
59:28 Bodkin Arrow
64:15 Bracer
64:46 Ring Archer Armor
Connection lost

Rejoining the realm…

Still unreachable

The connection could not be restored.

Session expired

The server has moved on; the page needs a fresh start.